 Dungeon Crawl Stone Soup version 0.28-a0-834-g1a73be5ee4 (webtiles) character file.

Game seed: 8824729292202465766

21 quinnr the Gusty (level 2, -3/15 HPs)
             Began as a Tengu Air Elementalist on Nov 12, 2021.
             Was an Initiate of Ru.
             Killed from afar by Sigmund (8 damage)
             ... with a magic dart
             ... on level 2 of the Dungeon.
             The game lasted 00:03:01 (1176 turns).

quinnr the Gusty (Tengu Air Elementalist)           Turns: 1176, Time: 00:03:02

Health: -3/15      AC:  2    Str:  8    XL:     2   Next: 87%
Magic:  1/6        EV: 12    Int: 15    God:    Ru [......]
Gold:   45         SH:  0    Dex: 14    Spells: 5/6 levels left

rFire   . . .      SeeInvis .   h - +3 dagger (pain)
rCold   . . .      Faith    .   (no shield)
rNeg    . . .      Spirit   .   a - +0 robe
rPois   .          Reflect  .   (helmet restricted)
rElec   .          Harm     .   (no cloak)
rCorr   .          Rampage  .   (no gloves)
Will    .....                   (boots unavailable)
Stlth   ++........              (no amulet)
HPRegen 0.05/turn               (no ring)
MPRegen 0.10/turn               (no ring)

@: no status effects
A: beak, talons 3
a: Renounce Religion


You were on level 2 of the Dungeon.
You worshipped Ru.
Ru was noncommittal.
You visited 1 branch of the dungeon, and saw 2 of its levels.

You collected 45 gold pieces.

Inventory:

Hand Weapons
 h - a +3 dagger of pain (weapon)
Armour
 a - a +0 robe (worn)
Scrolls
 b - 3 scrolls of identify {unknown}
 c - 2 scrolls of teleportation {unknown}
 d - a scroll of enchant weapon {unknown}
 e - 2 scrolls of fear {unknown}
 i - a scroll of magic mapping {unknown}
Potions
 f - a potion of curing
 g - 2 potions of haste {unknown}


   Skills:
 - Level 2.1 Dodging
 - Level 2.0 Stealth
 + Level 2.5 Spellcasting
 - Level 1.3 Conjurations
 + Level 4.8 Air Magic


You had 5 spell levels left.
You knew the following spells:

 Your Spells              Type           Power      Damage    Failure   Level
a - Shock                 Conj/Air       44%        1d5       6%          1

Your spell library contained the following spells:

 Spells                   Type           Power      Damage    Failure   Level
 Static Discharge         Conj/Air       11%        N/A       9%          2
 Swiftness                Air            16%        N/A       9%          3
 Airstrike                Air            8%         N/A       28%         4
 Conjure Flame            Conj/Fire      3%         6-21      43%         3
 Ignite Poison            Fire/Tmut/Pois 1%         N/A       54%         3
 Sticky Flame             Conj/Fire      3%         2d3       85%         4


Dungeon Overview and Level Annotations

Branches:
Dungeon (2/15)

Altars:
Ru

Annotations:
D:2 Sigmund


Innate Abilities, Weirdness & Mutations

You have a beak for a mouth.
You have claws for feet.


Message History

Sigmund is heavily wounded.
Sigmund closely misses you.
Unknown command.
It was a potion of curing.
You feel better.
Unknown command.
Sigmund closely misses you.
You hit Sigmund but do no damage. You claw Sigmund.
Sigmund is heavily wounded.
Sigmund hits you with a +0 scythe!
Ouch! That really hurt!
* * * LOW HITPOINT WARNING * * *
Unknown command.
You feel better.
Unknown command.
You closely miss Sigmund. You claw Sigmund.
Sigmund is severely wounded.
Sigmund hits you with a +0 scythe!
Ouch! That really hurt!
Unknown command.
Sigmund closely misses you.
Casting: Shock (safe; 6% risk of failure)
Confirm with . or Enter, or press ? or * to list all spells.
Aiming: Shock (safe; 6% risk of failure)
Press: ? - help, Shift-Dir - straight line, f/p - Sigmund
Aim: Sigmund, wielding a +0 scythe and wearing a +0 robe (severely wounded, 64% to hit)
The zap hits Sigmund.
Sigmund is severely wounded.
The zap hits Sigmund.
Sigmund is almost dead.
Unknown command.
Unknown command.
Sigmund gestures wildly while chanting.
Sigmund flickers and vanishes!
Deactivating autopickup; reactivate with Ctrl-A.
Unknown command.
Something tries to affect you, but you resist.
A magic dart appears from out of thin air!
The magic dart hits you!
Ouch! That really hurt!
You die...

################
...............#
##############.# #
#.# # #.# ## #.#
.# #.###########
.# #..@....{...#
.## #..########.#
..############...#
#.#
.................#
#.########
..############...#
#{........ ###
#...#
#####.#######.
#...# #.....#
#.......###.#
##..##. #.#


There were no monsters in sight!

Vanquished Creatures
  A ball python (D:1)
  An endoplasm (D:2)
  5 goblins
  3 hobgoblins
  A quokka (D:1)
  4 bats
  A frilled lizard (D:1)
  2 kobolds
  A rat (D:1)
19 creatures vanquished.

Notes
Turn   | Place    | Note
-------+----------+-------------------------------------------
     0 | D:1      | quinnr the Tengu Air Elementalist began the quest for the
                  | Orb.
     0 | D:1      | Reached XP level 1. HP: 10/10 MP: 4/4
   205 | D:1      | Reached XP level 2. HP: 15/15 MP: 1/6
   662 | D:1      | quinnr: ??ineptitude
   662 | D:1      | beem: pain brand[1/2]: Brand which inflicts 1d(necromancy
                  | skill) extra damage on necro out of necro+1 successful
                  | hits. Does not affect those with rN (demons, undead,
                  | unliving, shadow dragons, holies). (For the record, a
                  | monster's necromancy skill is HD/2, HD if undead or
                  | demonic, 0 if mindless/animal). Begins to edge out {elec
                  | brand} at 10 skill.
  1043 | D:2      | Found a sacrificial altar of Ru.
  1102 | D:2      | Became a worshipper of Ru the Awakened
  1149 | D:2      | Noticed Sigmund
  1176 | D:2      | Killed from afar by Sigmund

Illustrated notes

Levels and vault maps discovered:
D:1:      ebering_trefoil_twist, layout_rooms, ebering_dispersal_statue_hall
D:2:      layout_loops_ring, hellmonk_ecumenical_altar_arch_garden, basic_altar,
          minmay_misc_feat_diagonals, uniq_sigmund

Action                   || total
-------------------------++-------
Melee: Dagger            ||     8
       Unarmed           ||     3
       Kick              ||     3
 Cast: Shock             ||    51
  Use: Potion            ||     2
Armor: Robe              ||     5
Dodge: Dodged            ||    11

Table legend: (Time is in decaauts)
 A = Elapsed time spent in this place.
 B = Non-inter-level travel time spent in this place.
 C = Inter-level travel time spent in this place.
 D = Time resting spent in this place.
 E = Time spent auto-exploring this place.
 F = Levels seen in this place.
 G = Mean time per level.
                   A        B        C        D        E       F      G
               +--------+--------+--------+--------+--------+-----+--------+
         Total |   1175 |   1148 |     27 |      0 |    958 |   2 |  587.5 |
       Dungeon |   1175 |   1148 |     27 |      0 |    958 |   2 |  587.5 |
               +--------+--------+--------+--------+--------+-----+--------+

Top non-repeatable levels by time:
     D:1: 815 daAuts
     D:2: 360 daAuts
